 Dungeon Crawl Stone Soup version 0.27.1 (webtiles) character file.

Game seed: 14339442511263094694

294 funkygono the Firebug (level 6, -1/32 HPs)
             Began as a Gargoyle Fire Elementalist on Aug 30, 2021.
             Slain by a hobgoblin (4 damage)
             ... on level 4 of the Dungeon.
             The game lasted 00:06:11 (3699 turns).

funkygono the Firebug (Gargoyle Fire Elementalist)  Turns: 3699, Time: 00:06:11

Health: -1/32      AC:  7    Str: 11    XL:     6   Next: 34%
Magic:  0/11       EV: 12    Int: 18    God:
Gold:   146        SH:  0    Dex: 10    Spells: 4/12 levels left

rFire    . . .     SeeInvis .   o - +0 flail
rCold    . . .     Faith    .   (no shield)
rNeg     + . .     Spirit   .   a - +1 robe
rPois    ∞         Reflect  .   (no helmet)
rElec    +         Harm     .   (no cloak)
rCorr    .         Rampage  .   (no gloves)
Will     .....                  (no boots)
Stlth    ++........             (no amulet)
HPRegen  0.10/turn              n - ring of wizardry
MPRegen  0.12/turn              (no ring)

@: attractive
A: sickness immunity, AC +4, negative energy resistance 1, electricity
resistance, torment resistance 1, petrification resistance
a: no special abilities


You were on level 4 of the Dungeon.
You visited 1 branch of the dungeon, and saw 4 of its levels.

You collected 146 gold pieces.

Inventory:

Hand Weapons
 f - a +0 club
 o - a +0 flail (weapon)
Missiles
 g - 134 stones
Armour
 a - a +1 robe (worn)
 i - a +0 buckler
Magical Staves
 j - a staff of air
 m - a staff of poison
Jewellery
 n - a ring of wizardry (left hand)
Scrolls
 h - 2 scrolls of enchant armour


   Skills:
 + Level 0.2 Fighting
 + Level 0.1 Maces & Flails
 + Level 1.8 Dodging
 - Level 2.1 Stealth
 * Level 3.7 Spellcasting
 * Level 3.5 Conjurations
 * Level 4.6 Fire Magic


You had 4 spell levels left.
You knew the following spells:

 Your Spells              Type           Power      Damage    Failure   Level
a - Foxfire               Conj/Fire      72%        2x1d7     1%          1
b - Conjure Flame         Conj/Fire      18%        6-21      3%          3
c - Sticky Flame          Conj/Fire      18%        2d4       12%         4

Your spell library contained the following spells:

 Spells                   Type           Power      Damage    Failure   Level
 Inner Flame              Hex/Fire       11%        N/A       7%          3
 Cause Fear               Hex            1%         N/A       50%         4
 Passage of Golubria      Tloc           N/A        N/A       50%         4
 Fireball                 Conj/Fire      9%         3d6       30%         5
 Silence                  Hex/Air        1%         N/A       82%         5
 Discord                  Hex            1%         N/A       100%        8
 Lehudib's Crystal Spear  Conj/Erth      4%         10d3      100%        8


Dungeon Overview and Level Annotations

Branches:
Dungeon (4/15)
 Temple: D:4-7

Altars:

Shops:
D:1 !   D:4 !

Annotations:
D:4 Dowan, Duvessa


Innate Abilities, Weirdness & Mutations

You are immune to sickness and miasma.
Your stone body is resilient. (AC +4)
You are immune to poison.
You resist negative energy. (rN+)
You are resistant to electric shocks. (rElec)
You are resistant to unholy torment.
You are immune to petrification.


Message History

You conjure some foxfire!
Duvessa misses you.
Unknown command.
The foxfire hits Dowan.
Dowan is moderately wounded.
The foxfire hits Dowan.
Dowan is heavily wounded.
Duvessa hits you but does no damage.
Duvessa hits you with a +1 short sword of protection.
* * * LOW HITPOINT WARNING * * *
Unknown command.
You feel better. Duvessa completely misses you.
As you read the scroll of teleportation, it crumbles to dust.
You feel strangely unstable. Duvessa hits you but does no damage. x2
You hit Duvessa but do no damage.
Duvessa is heavily wounded.
Duvessa hits you with a +1 short sword of protection.
* * * LOW HITPOINT WARNING * * *
Duvessa hits you with a +1 short sword of protection.
* * * LOW HITPOINT WARNING * * *
Okay, then.
It was a potion of attraction.
You feel attractive to monsters. Duvessa barely misses you.
Unknown command.
You sock Duvessa!
Duvessa is severely wounded.
Your surroundings suddenly seem different.
A hobgoblin comes into view.
The hobgoblin is pulled toward you! The hobgoblin is pulled toward you!
Casting: Foxfire (safe; 1% risk of failure)
Confirm with . or Enter, or press ? or * to list all spells.
You conjure some foxfire!
The hobgoblin closely misses you.
Your foxfire dissipates!
The foxfire hits the hobgoblin but does no damage.
The hobgoblin hits you but does no damage.
Casting: Foxfire (safe; 1% risk of failure)
Confirm with . or Enter, or press ? or * to list all spells.
You conjure some foxfire!
The hobgoblin hits you.
You die...

... #.#
#.# #.#
#.# #.#
#§#
#.###v#
#..@g#
##.v.#
##..#
...#
.....
#.....
##...#
##
#..##
.#


You could see a hobgoblin (ally target).

Vanquished Creatures
  2 hounds (D:3)
  2 orc priests (D:3)
  Natasha (thrice) (D:3)
  An orc wizard (D:3)
  An adder (D:3)
  An adder skeleton (D:4)
  2 dart slugs
  3 orcs (D:3)
  7 endoplasms
  5 giant cockroaches
  2 hobgoblins (D:1)
  3 jackals (D:1)
  2 kobolds
  2 quokkas
  7 ball pythons
  6 bats
  3 frilled lizards
  8 goblins
  2 rats
62 creatures vanquished.

Vanquished Creatures (collateral kills)
  A foxfire (D:2)
1 creature vanquished.

Vanquished Creatures (others)
  239 foxfires
  A plant (D:2)
240 creatures vanquished.

Grand Total: 303 creatures vanquished

Notes
Turn   | Place    | Note
-------+----------+-------------------------------------------
     0 | D:1      | funkygono the Gargoyle Fire Elementalist began the quest
                  | for the Orb.
     0 | D:1      | Reached XP level 1. HP: 10/10 MP: 3/3
   207 | D:1      | Reached XP level 2. HP: 15/15 MP: 3/5
   588 | D:1      | Reached XP level 3. HP: 19/19 MP: 1/6
   592 | D:1      | Learned a level 3 spell: Conjure Flame
   981 | D:1      | Found Calemeg's Distillery.
  1562 | D:2      | Found a faded altar of an unknown god.
  1748 | D:2      | Reached skill level 4 in Fire Magic
  2186 | D:3      | Reached XP level 4. HP: 19/24 MP: 3/8
  2320 | D:3      | Learned a level 4 spell: Sticky Flame
  2466 | D:3      | Reached XP level 5. HP: 9/28 MP: 2/9
  2842 | D:3      | Noticed Natasha
  2845 | D:3      | Killed Natasha
  2882 | D:3      | Noticed Natasha
  2888 | D:3      | Killed Natasha
  2889 | D:3      | Reached XP level 6. HP: 32/32 MP: 6/11
  2908 | D:3      | Noticed Natasha
  2920 | D:3      | Killed Natasha
  3579 | D:4      | Found Haysh's Distillery.
  3662 | D:4      | Noticed Duvessa
  3662 | D:4      | Noticed Dowan
  3690 | D:4      | HP: 1/32 [Duvessa (5)]
  3699 | D:4      | Slain by a hobgoblin

Illustrated notes

Levels and vault maps discovered:
D:1:      minmay_arrival_four_circles, layout_basic, serial_shops,
          nicolae_lakefront_shop, minmay_octomino_j4
D:2:      layout_loops_cross, ebering_ecumenical_altar_ruins, serial_forest,
          infiniplex_forest_end_double, infiniplex_forest_corner_1,
          infiniplex_forest_end_double, infiniplex_forest_clump_cross,
          infiniplex_forest_lined_room_2, hangedman_abyss_or_decor_stabs,
          glass_columns_a, minmay_misc_feat_hallway
D:3:      layout_loops_ring, uniq_natasha
D:4:      layout_loops_corners, serial_shops, nicolae_stop_n_shop_2,
          chequers_serial_rivers_micro_b, uniq_duvessa

Skill      XL: |  1  2  3  4  5 |
---------------+----------------+-----
Fire Magic     | 4 |  4.6
Conjurations   | 2 3 |  3.5
Spellcasting   | 3 |  3.7
Fighting       | |  0.2
Maces & Flails | |  0.1
Dodging        | |  1.8
Stealth        | |  2.1

Action                   |  1- 3 |  4- 6 || total
-------------------------+-------+-------++-------
Melee: Club              |       |     3 ||     3
       Flail             |       |    15 ||    15
 Cast: Foxfire           |    76 |    67 ||   143
  Use: Scroll            |       |     7 ||     7
       Potion            |       |     2 ||     2
Armor: Robe              |     7 |    17 ||    24
Dodge: Dodged            |    16 |    33 ||    49
